 Dungeon Crawl Stone Soup version 0.31-a0-880-g9a209b2425 (webtiles) character file.

Game seed: 4237107247240550154

674 Morbidden the Shooter (level 7, 0/55 HPs)
             Began as a Formicid Hunter on Oct 15, 2023.
             Slain by a steam dragon (8 damage)
             ... on level 5 of the Dungeon.
             The game lasted 00:05:53 (3639 turns).

Morbidden the Shooter (Formicid Hunter)             Turns: 3639, Time: 00:05:54

Health: 0/55       AC: 11    Str: 19    XL:     7   Next: 90%
Magic:  7/7        EV: 12    Int:  9    God:
Gold:   308        SH:  0    Dex: 25    Spells: 6/6 levels left

rFire   . . .        b - +0 dagger (venom)
rCold   + . .        (no shield)
rNeg    . . .        q - +5 ring mail of Moiqa {Will- Str+4 Dex+6}
rPois   .            (helmet unavailable)
rElec   .            A - scarf {+Inv}
rCorr   .            f - +0 pair of gloves
SInv    +            (no boots)
Will    .....        (no amulet)
Stlth   ++           z - ring of protection from cold
HPRegen 0.29/turn    (no ring)
MPRegen 0.10/turn

%: no passive effects
@: mighty, enlightened, flying
A: permanent stasis, dig shafts and tunnels, antennae 3, four strong arms
a: Dig, Shaft Self, Evoke Invisibility


You were on level 5 of the Dungeon.
You visited 1 branch of the dungeon, and saw 5 of its levels.

You collected 308 gold pieces.

Inventory:

Hand Weapons
 a - a +0 shortbow
 b - a +0 dagger of venom (weapon)
 u - a +2 dagger of freezing
 x - a +0 long sword
Missiles
 B - 2 boomerangs
 D - a throwing net
Armour
 f - a +0 pair of gloves (worn)
 l - a +0 plate armour
 q - the +5 ring mail of Moiqa (worn) {Will- Str+4 Dex+6}
   (You found it on level 2 of the Dungeon)

   Str+4:     It affects your strength (+4).
   Dex+6:     It affects your dexterity (+6).
   Will-:     It decreases your willpower.
 A - a scarf of invisibility (worn)
Jewellery
 z - a ring of protection from cold (left hand)
Wands
 o - a wand of polymorph (15)
Scrolls
 c - 2 scrolls of identify {unknown}
 e - 2 scrolls of revelation {unknown}
 h - a scroll of butterflies
 i - a scroll of enchant weapon {unknown}
 j - a scroll of amnesia {unknown}
 m - 2 scrolls of teleportation {unknown}
 n - a scroll of immolation {unknown}
 v - a scroll of blinking {unknown}
 y - 2 scrolls of enchant armour {unknown}
Potions
 d - 3 potions of enlightenment
 g - a potion of might
 k - a potion of cancellation {unknown}
 p - a potion of curing
 r - a potion of mutation {unknown}
 s - 2 potions of heal wounds {unknown}
 t - a potion of degeneration {unknown}
 w - a potion of brilliance {unknown}
 C - a potion of ambrosia {unknown}


   Skills:
 * Level 4.4 Fighting
 + Level 1.4(2.4) Short Blades
 * Level 3.0(3.2) Long Blades
 * Level 6.1 Ranged Weapons
 * Level 2.7 Armour
 * Level 2.7 Dodging
 + Level 1.3 Stealth
 * Level 1.3 Evocations


You had 6 spell levels left.
You didn't know any spells.
Your spell library contained the following spells:

 Spells                   Type           Power      Damage    Failure   Level
 Animate Dead             Necr           0%         N/A       100%        4
 Borgnjor's Vile Clutch   Necr/Erth      0%         N/A       100%        5
 Death Channel            Necr           0%         N/A       100%        6


Dungeon Overview and Level Annotations

Branches:
Dungeon (5/15)
 Temple: D:4-7

Altars:
Dithmenos
Fedhas
Trog

Shops:
D:3 =

Annotations:
D:2 1 runed translucent door, Crazy Yiuf


Innate Abilities, Weirdness & Mutations

You cannot be hasted, slowed, berserked, paralysed or teleported.
You can dig through walls and to a lower floor.
You have a pair of large antennae on your head. (SInv)
Your four strong arms can wield two-handed weapons with a shield.


Message History

It was a potion of enlightenment.
You feel very buoyant.
You fly up into the air.
The steam dragon closely misses you. The steam dragon claws you.
Unknown command.
Unknown command.
It was a potion of curing.
You feel better. The steam dragon breathes steam at you.
The ball of steam hits you!!
* * * LOW HITPOINT WARNING * * *
Unknown command.
Unknown command.
Unknown command.
You feel better.
You are engulfed in a cloud of scalding steam.
* * * LOW HITPOINT WARNING * * *
The steam dragon barely misses you. x2
Unknown command.
Unknown command.
Unknown command.
Unknown command.
You feel better.
You are engulfed in a cloud of scalding steam.
The steam dragon bites you.
* * * LOW HITPOINT WARNING * * *
The steam dragon claws you but does no damage.
Unknown command.
Unknown command.
Unknown command.
You feel better.
You are engulfed in a cloud of scalding steam.
* * * LOW HITPOINT WARNING * * *
The steam dragon breathes steam at you. The ball of steam hits you!
* * * LOW HITPOINT WARNING * * *
Unknown command.
It was a potion of might.
You feel very mighty all of a sudden. The steam dragon bites you!
You die...

# # #
#.##### #
#...D@# #
########l#
....l....#
########.#
####
####.#
....
##.##.#
####
#.#...#
##.##.#
#.##.#


You could see a steam dragon (poisoned, catching breath) and an iguana.

Vanquished Creatures
  A black bear (D:5)
  A phantom (D:4)
  A scorpion (D:4)
  An orc priest (D:3)
  2 hounds (D:4)
  2 iguanas
  A sleepcap (D:4)
  Natasha (thrice) (D:3)
  7 adders
  4 worms
  7 dart slugs
  9 orcs
  7 ball pythons
  4 endoplasms
  8 giant cockroaches
  8 hobgoblins
  12 jackals
  5 quokkas (D:1)
  2 bats (D:2)
  3 frilled lizards
  16 goblins
  9 kobolds
  7 rats
120 creatures vanquished.

Notes
Turn   | Place    | Note
-------+----------+-------------------------------------------
     0 | D:1      | Morbidden the Formicid Hunter began the quest for the Orb.
     0 | D:1      | Reached XP level 1. HP: 16/16 MP: 1/1
   138 | D:1      | Reached XP level 2. HP: 23/23 MP: 2/2
   186 | D:1      | Reached XP level 3. HP: 22/28 MP: 3/3
  1021 | D:2      | Reached XP level 4. HP: 25/34 MP: 4/4
  1031 | D:2      | Reached skill level 5 in Ranged Weapons
  1031 | D:2      | Reached skill level 1 in Armour
  1221 | D:2      | Found a runed translucent door.
  1222 | D:2      | Noticed Crazy Yiuf
  1272 | D:2      | Identified the +5 ring mail of Moiqa {Will- Str+4 Dex+6}
  1724 | D:2      | Found a bloodstained altar of Trog.
  1856 | D:2      | Reached XP level 5. HP: 40/40 MP: 5/5
  2077 | D:3      | Found Jacapuh's Jewellery Boutique.
  2226 | D:3      | Noticed Natasha
  2230 | D:3      | Killed Natasha
  2304 | D:3      | Noticed Natasha
  2312 | D:3      | Killed Natasha
  2363 | D:3      | Reached skill level 1 in Long Blades
  2363 | D:3      | Reached XP level 6. HP: 47/47 MP: 6/6
  2401 | D:3      | Noticed Natasha
  2413 | D:3      | Killed Natasha
  2559 | D:3      | Found a blossoming altar of Fedhas.
  2862 | D:4      | Found a shadowy altar of Dithmenos.
  3160 | D:4      | Reached XP level 7. HP: 43/53 MP: 7/7
  3187 | D:4      | Reached skill level 1 in Short Blades
  3187 | D:4      | Reached skill level 6 in Ranged Weapons
  3388 | D:4      | Reached skill level 1 in Evocations
  3539 | D:5      | Entered Level 5 of the Dungeon
  3624 | D:5      | Noticed a steam dragon
  3639 | D:5      | Slain by a steam dragon

Illustrated notes

Levels and vault maps discovered:
D:1:      lightli_arrival_chessboard, layout_loops_cross, minmay_heptomino_w4
D:2:      minmay_thinvault, layout_basic, basic_altar, minmay_misc_feat_chi,
          nrook_mini_backslash, minmay_tripent, uniq_crazy_yiuf_cottage
D:3:      layout_loops_ring, fedhas_altar_1, serial_shops,
          nicolae_shop_advertising_works [nicolae_subvault_shop_adworks],
          nicolae_wormholes, uniq_natasha
D:4:      layout_gridville, lemuel_tele_altar, minmay_pentangle
D:5:      layout_loops_ring, lemuel_crystal_altar, nicolae_take_the_stairs,
          nicolae_sextant, uniq_pikel

Skill      XL: |  1  2  3  4  5  6  7 |
---------------+----------------------+-----
Dodging        | 2 |  2.7
Ranged Weapons | 5 6 |  6.1
Armour         | 1 2 |  2.7
Fighting       | 3 4 |  4.4
Long Blades    | 1 2 3 |  3.0
Short Blades   | 1 |  1.4
Evocations     | 1 |  1.3
Stealth        | |  1.3

Action                     |  1- 3 |  4- 6 |  7- 9 || total
---------------------------+-------+-------+-------++-------
  Melee: Rapier            |     1 |     9 |       ||    10
         Long sword        |       |     1 |       ||     1
         Dagger            |       |    74 |    43 ||   117
         Unarmed           |       |     8 |       ||     8
         Punch             |       |     3 |       ||     3
   Fire: Shortbow          |   102 |   156 |    22 ||   280
    Use: Potion            |       |       |     6 ||     6
 Armour: Leather armour    |    23 |       |       ||    23
         Chain mail        |     3 |    14 |       ||    17
         Ring mail         |       |    76 |    50 ||   126
         Skin              |       |     3 |       ||     3
  Dodge: Dodged            |    20 |   110 |    28 ||   158

Table legend: (Time is in decaauts)
 A = Elapsed time spent in this place.
 B = Non-inter-level travel time spent in this place.
 C = Inter-level travel time spent in this place.
 D = Time resting spent in this place.
 E = Time spent auto-exploring this place.
 F = Levels seen in this place.
 G = Mean time per level.
                   A        B        C        D        E       F      G
               +--------+--------+--------+--------+--------+-----+--------+
         Total |   3683 |   3528 |    155 |    106 |   2610 |   5 |  736.6 |
       Dungeon |   3683 |   3528 |    155 |    106 |   2610 |   5 |  736.6 |
               +--------+--------+--------+--------+--------+-----+--------+

Top non-repeatable levels by time:
     D:2: 1318 daAuts
     D:1: 792 daAuts
     D:4: 738 daAuts
     D:3: 735 daAuts
     D:5: 99 daAuts
